 Dungeon Crawl Stone Soup version 0.31-a0-840-g6d2ecbb638 (webtiles) character file.

Game seed: 4504634686743670187

21 BinkBink the Trooper (level 3, 0/33 HPs)
             Began as a Meteoran Fighter on Sept 27, 2023.
             Slain by a goblin
             ... wielding a +0 club
              (3 damage)
             ... on level 2 of the Dungeon.
             The game lasted 00:01:31 (499 turns).

BinkBink the Trooper (Meteoran Fighter)              Turns: 499, Time: 00:01:32

Health: 0/33       AC:  6    Str: 20    XL:     3   Next: 20%
Magic:  4/4        EV:  9    Int:  9    God:
Gold:   20         SH:  4    Dex: 13    Spells: 2/2 levels left

rFire   . . .        a - +0 flail
rCold   . . .        c - +0 buckler
rNeg    . . .        b - +0 scale mail
rPois   .            (no helmet)
rElec   .            (no cloak)
rCorr   .            (no gloves)
SInv    .            (no boots)
Will    .....        (no amulet) Stlth
                     (no ring)
HPRegen 0.25/turn    (no ring)
MPRegen 0.09/turn

%: no passive effects
@: glowing
A: sense surroundings 1, otherworldly, glowing, explore regen
a: no special abilities


You were on level 2 of the Dungeon.
You visited 1 branch of the dungeon, and saw 2 of its levels.

You collected 20 gold pieces.

Inventory:

Hand Weapons
 a - a +0 flail (weapon)
Armour
 b - a +0 scale mail (worn)
 c - a +0 buckler (worn)
Scrolls
 g - a scroll of identify {unknown}
 h - a scroll of immolation {unknown}
Potions
 d - a potion of might
 e - a potion of enlightenment {unknown}
 f - a potion of resistance {unknown}


   Skills:
 + Level 3.9 Fighting
 + Level 3.6 Maces & Flails
 - Level 3.2 Armour
 - Level 3.2 Shields


You had 2 spell levels left.
You didn't know any spells.
Your spell library contained the following spells:

 Spells                   Type           Power      Damage    Failure   Level
 Alistair's Intoxication  Tmut/Pois      0%         N/A       100%        5
 Borgnjor's Vile Clutch   Necr/Erth      0%         N/A       100%        5
 Eringya's Noxious Bog    Tmut/Pois      0%         4d6       100%        6


Dungeon Overview and Level Annotations

Branches:
Dungeon (2/15) Zot: 679

Altars:

Annotations:
D:2 Robin


Innate Abilities, Weirdness & Mutations

You passively map a small area around you.
You are easily found by Zot.
You glow in the dark.
You regain HP and MP as you explore.


Message History

The goblin closely misses you. x2; The hobgoblin barely misses you.
A goblin comes into view. It is wielding a +0 dagger.
You block the goblin's attack.
Robin says, "My army is invincible!"
You closely miss the goblin.
The goblin is heavily wounded.
The goblin shouts!
You block the goblin's attack. You block the hobgoblin's attack.
The goblin hits you with a +0 club.
A hobgoblin comes into view.
The goblin closely misses you.
You hit the goblin.
The goblin is almost dead.
The goblin misses you. You block the goblin's attack.
The hobgoblin hits you but does no damage.
The goblin completely misses you. The goblin hits you with a +0 club.
Robin roars a battlecry!
The goblin barely misses you. x2; The hobgoblin closely misses you.
You hit the goblin but do no damage.
The goblin is almost dead.
The goblin hits you but does no damage. The goblin hits you with a +0 club.
The hobgoblin misses you. The goblin hits you with a +0 club.
You barely miss the goblin.
The goblin is almost dead.
The goblin closely misses you. The goblin hits you with a +0 club.
A goblin comes into view. It is wielding a +0 club.
The hobgoblin closely misses you. The goblin hits you with a +0 club.
* * * LOW HITPOINT WARNING * * *
Unknown command.
You closely miss the goblin.
The goblin is almost dead.
The goblin closely misses you. The hobgoblin barely misses you.
The goblin barely misses you. The goblin closely misses you.
You barely miss the goblin.
The goblin is almost dead.
The goblin hits you but does no damage. The goblin misses you.
The hobgoblin hits you.
* * * LOW HITPOINT WARNING * * *
The goblin hits you with a +0 club.
You die...

,, , , , *
#.......##,,
##........,
#........# , *
##........# #*
)........#.# *,
...gg....
.#.#g#g#g#.#.#.#*
,
...ggggg@g......
.#.#.#g#g#.#.#.#
, , ...gS....
*,#.#.#.#.#.# * ,
...........=. , ,
#.#.#.#.#,#.#.#
.....##### ## # ,
.... , * *


You could see Robin, an adder, 4 hobgoblins and 9 goblins.

Vanquished Creatures
  2 ball pythons (D:1)
  2 endoplasms (D:1)
  A giant cockroach (D:1)
  A goblin (D:1)
  2 hobgoblins (D:1)
  3 jackals (D:1)
  3 kobolds (D:1)
  2 frilled lizards (D:1)
  4 rats (D:1)
20 creatures vanquished.

Notes
Turn   | Place    | Note
-------+----------+-------------------------------------------
     0 | D:1      | BinkBink the Meteoran Fighter began the quest for the Orb.
     0 | D:1      | Reached XP level 1. HP: 19/19 MP: 2/2
    48 | D:1      | Reached XP level 2. HP: 26/26 MP: 3/3
   397 | D:1      | Reached XP level 3. HP: 33/33 MP: 4/4
   481 | D:1      | Glimpsed the power of Zot.
   490 | D:2      | Noticed Robin
   499 | D:2      | Slain by a goblin

Illustrated notes

Levels and vault maps discovered:
D:1:      minmay_arrival_open_corners, layout_loops_cross,
          chequers_serial_rivers_micro_a
D:2:      layout_rooms, st_stairs_12, minmay_hexomino_c4, uniq_robin

Skill      XL: |  1 |
---------------+----+-----
Maces & Flails | 3 |  3.6
Fighting       | |  3.9
Armour         | |  3.2
Shields        | |  3.2

Action                     || total
---------------------------++-------
  Melee: Flail             ||    75
 Armour: Scale mail        ||    50
  Dodge: Dodged            ||    48
  Block: Buckler           ||    21

Table legend: (Time is in decaauts)
 A = Elapsed time spent in this place.
 B = Non-inter-level travel time spent in this place.
 C = Inter-level travel time spent in this place.
 D = Time resting spent in this place.
 E = Time spent auto-exploring this place.
 F = Levels seen in this place.
 G = Mean time per level.
                   A        B        C        D        E       F      G
               +--------+--------+--------+--------+--------+-----+--------+
         Total |    519 |    511 |      8 |      0 |    364 |   2 |  259.5 |
       Dungeon |    519 |    511 |      8 |      0 |    364 |   2 |  259.5 |
               +--------+--------+--------+--------+--------+-----+--------+

Top non-repeatable levels by time:
     D:1: 508 daAuts
     D:2: 10 daAuts
